 Dungeon Crawl Stone Soup version 0.22.1-2-g9c5b331383 (webtiles) character file.

613 Allula97 the Scratcher (level 7, -17/33 HPs)
             Began as a Felid Transmuter on Nov 14, 2018.
             Was an Initiate of Nemelex Xobeh.
             Demolished by an ogre
             ... wielding a +0 giant club
              (32 damage)
             ... on level 8 of the Dungeon.
             The game lasted 00:55:47 (8531 turns).

Allula97 the Scratcher (Felid Transmuter)           Turns: 8531, Time: 00:55:47

Health: -17/33     AC:  2    Str:  8    XL:     7   Next: 20%
Magic:  14/14      EV: 21    Int: 15    God:    Nemelex Xobeh [......]
Gold:   384        SH:  0    Dex: 18    Spells: 4/14 levels left
                                        Lives:  0   Deaths: 2

rFire    . . .     SeeInvis +     - Unarmed
rCold    . . .     Gourm    .   (shield unavailable)
rNeg     . . .     Faith    .   (armour unavailable)
rPois    .         Spirit   .   (helmet unavailable)
rElec    .         Reflect  .   (cloak unavailable)
rCorr    .         Harm     .   (gloves unavailable)
MR       +....                  (boots unavailable)
Stlth    +++.......             (no amulet)
HPRegen  0.11/turn              q - +2 ring of strength
MPRegen  0.14/turn              (no ring)

@: quick
A: very small, no armour, no weapons or thrown items, stealth, claws 1, fangs 3,
see invisible, carnivore, speed 1, shaggy fur 2, slow metabolism 1, sharp paws
a: Renounce Religion


You were on level 8 of the Dungeon.
You worshipped Nemelex Xobeh.
Nemelex Xobeh was noncommittal.
You were completely stuffed.

You visited 2 branches of the dungeon, and saw 9 of its levels.

You collected 384 gold pieces.

Inventory:

Missiles
 a - 89 arrows
 i - 8 javelins of returning
Armour
 w - a cursed +0 chain mail
Jewellery
 q - a +2 ring of strength (left paw)
Wands
 r - a wand of flame (36)
Scrolls
 b - 3 scrolls of remove curse
 g - a scroll of fog
 j - a scroll of enchant weapon
 n - a scroll of identify
Potions
 d - 2 potions of flight {unknown}
 e - a potion of might
 f - a potion of agility
 h - a potion of heal wounds
 k - 3 potions of magic {unknown}
 l - a potion of cancellation {unknown}
 o - 2 potions of lignification {unknown}
 p - 5 potions of curing
 s - a potion of mutation {unknown}
 u - a potion of haste {unknown}
 v - a potion of brilliance {unknown}
Miscellaneous
 m - a plain deck of destruction {drawn: 5}
Comestibles
 c - 16 rations


   Skills:
 * Level 5.5 Fighting
 + Level 5.8 Dodging
 - Level 2.0 Stealth
 * Level 6.4 Unarmed Combat
 + Level 4.1 Spellcasting
 + Level 4.8 Transmutations


You had 4 spell levels left.
You knew the following spells:

 Your Spells              Type           Power        Failure   Level  Hunger
a - Beastly Appendage     Tmut           ###...       2%          1    None
b - Sticks to Snakes      Tmut           ###.....     3%          2    ##.....
c - Spider Form           Tmut/Pois      ##........   21%         3    ###....
d - Ice Form              Ice/Tmut       ##......     54%         4    ####...

Your spell library contained the following spells:

 Spells                   Type           Power        Failure   Level  Hunger
 Freeze                   Ice            #...         19%         1    None
 Throw Frost              Conj/Ice       #.....       26%         2    ##.....
 Ozocubu's Armour         Chrm/Ice       #.......     47%         3    ###....
 Summon Ice Beast         Ice/Summ       #.......     87%         4    ####...
 Throw Icicle             Conj/Ice       #.......     87%         4    ####...
 Blade Hands              Tmut           ###.......   56%         5    ######.


Dungeon Overview and Level Annotations

Branches:
Dungeon (8/15)             Temple (1/1) D:6
   Lair: D:8-11

Altars:
Dithmenos
Fedhas
Gozag
Hepliaklqana
Kikubaaqudgha
Makhleb
Nemelex Xobeh
Okawaru
Qazlal
Ru
Sif Muna
Trog
Wu Jian
Xom
Yredelemnul
Zin
The Shining One


Innate Abilities, Weirdness & Mutations

You cannot wear armour.
You are incapable of wielding weapons or throwing items.
Your paws allow you to move quietly. (Stealth)
You have sharp claws.
You have razor-sharp teeth.
You have supernaturally acute eyesight. (SInv)
You are carnivorous and can eat meat at any time.
You cover ground quickly.
You are covered in thick fur. (AC +2)
You have a slow metabolism.
Your sharp claws are effective at attacking unaware monsters.


Message History

There is a stone staircase leading up here.
The crimson imp shouts!
The ogre shouts!
The killer bee buzzes angrily.
The crimson imp completely misses you.
You climb upwards.
There is a stone staircase leading down here.
You start resting.
HP restored.
There is a stone staircase leading down here.
You climb downwards.
The killer bee closely misses you. The crimson imp misses you.
The killer bee completely misses you. The giant cockroach misses you.
The ogre hits you with a giant club!!
Ouch! That really hurt!
The crimson imp misses you. The killer bee misses you.
The giant cockroach misses you.
There is a stone staircase leading up here.
The killer bee misses you.
The crimson imp blinks!
The ogre hits you with a giant club!!
Ouch! That really hurt!
You die...
Your body disappears without a glow.

.J ..# ...
#.. # #..##
.# #....##.#
#...O.s.#
#...$@y#
#...ยง...5.#
####......#
#.l....#
#......#
#......#
#......#
.......#


You could see an ogre, a jelly (wandering), a killer bee, a crimson imp, a
leopard gecko and a giant cockroach.

Vanquished Creatures
  Prince Ribbit (D:5)
  An orc warrior (D:7)
  An ice beast (D:6)
  2 ogres
  A bullfrog (D:6)
  A scorpion (D:5)
  3 killer bees (D:7)
  A wight (D:7)
  2 howler monkeys
  2 crimson imps (D:4)
  2 bullfrog zombies
  2 hounds
  4 orc wizards
  2 worker ants
  A hound skeleton (D:4)
  A howler monkey zombie (D:6)
  Robin (D:3)
  10 adders
  An ooze (D:3)
  2 adder skeletons
  2 worms
  3 dart slugs
  4 leopard geckos
  10 orcs
  8 giant cockroaches
  5 goblins
  10 hobgoblins
  6 jackals
  7 kobolds
  2 quokkas
  11 bats
  5 frilled lizards
  A jackal skeleton (D:4)
  16 rats
  A plant (D:2)
132 creatures vanquished.

Vanquished Creatures (collateral kills)
  A wight (D:7)
  An orc wizard (D:7)
  A worker ant zombie (D:5)
  An adder (D:2)
  A worm (D:2)
  4 goblins (D:3)
  3 hobgoblins (D:3)
12 creatures vanquished.

Vanquished Creatures (others)
  A wight (D:7)
  A plant (D:2)
2 creatures vanquished.

Grand Total: 146 creatures vanquished

Notes
Turn   | Place    | Note
-------+----------+-------------------------------------------
     0 | D:1      | Allula97 the Felid Transmuter began the quest for the Orb.
     0 | D:1      | Reached XP level 1. HP: 9/9 MP: 4/4
   499 | D:1      | Reached XP level 2. HP: 12/12 MP: 6/6
   579 | D:1      | Learned a level 2 spell: Sticks to Snakes
  1104 | D:2      | Reached skill level 1 in Stealth
  1294 | D:2      | Reached XP level 3. HP: 5/16 MP: 5/7
  1735 | D:2      | Found an ornate altar of the Wu Jian Council.
  1856 | D:2      | Reached XP level 4. HP: 19/19 MP: 8/8
  1861 | D:2      | Learned a level 3 spell: Spider Form
  1933 | D:2      | Found an ancient bone altar of Kikubaaqudgha.
  3452 | D:3      | Reached skill level 4 in Unarmed Combat
  3484 | D:3      | Noticed Robin
  3505 | D:3      | Reached XP level 5. HP: 8/22 MP: 2/9
  3510 | D:3      | Killed Robin
  3755 | D:3      | Noticed a phantom
  4579 | D:4      | Found a hazy altar of Hepliaklqana.
  4636 | D:4      | Gained mutation: You are covered in thick fur. (AC +2)
                  | [Felid growth]
  4636 | D:4      | Reached XP level 6. HP: 24/28 MP: 11/11
  4977 | D:5      | Entered Level 5 of the Dungeon
  5226 | D:5      | Noticed Prince Ribbit
  5463 | D:5      | Killed Prince Ribbit
  5463 | D:5      | Reached skill level 5 in Unarmed Combat
  5463 | D:5      | Reached XP level 7. HP: 31/31 MP: 5/12
  5867 | D:5      | Learned a level 4 spell: Ice Form
  6416 | D:6      | Found a basalt altar of Yredelemnul.
  6423 | D:6      | Reached skill level 5 in Dodging
  6474 | D:6      | Found a staircase to the Ecumenical Temple.
  6499 | Temple   | Entered the Ecumenical Temple
  6630 | Temple   | Became a worshipper of Nemelex Xobeh the Trickster
  6748 | D:6      | Received a gift from Nemelex Xobeh
  6831 | D:6      | Shot with an arrow by a centaur
  6832 | D:6      | Reached XP level 6. HP: -2/29 MP: 12/12
  6871 | D:6      | Reached XP level 7. HP: 31/33 MP: 13/13
  7699 | D:7      | Reached skill level 5 in Fighting
  7765 | D:7      | Reached skill level 6 in Unarmed Combat
  8013 | D:7      | Mangled by an orc warrior
  8014 | D:7      | Reached XP level 6. HP: -10/30 MP: 11/13
  8014 | D:7      | Found a stormy altar of Qazlal.
  8034 | D:7      | Killed an orc warrior
  8034 | D:7      | Reached XP level 7. HP: 33/33 MP: 14/14
  8531 | D:8      | Demolished by an ogre

Skill      XL: |  1  2  3  4  5  6  7 |
---------------+----------------------+-----
Dodging        | 3 4 5 |  5.8
Stealth        | 1 2 |  2.0
Fighting       | 2 3 5 |  5.5
Unarmed Combat | 4 5 6 |  6.4
Transmutations | 3 4 |  4.8
Spellcasting   | 3 4 |  4.1

Action                   |  1- 3 |  4- 6 |  7- 9 || total
-------------------------+-------+-------+-------++-------
Melee: Unarmed           |   162 |   279 |   137 ||   578
       Headbutt          |     3 |    23 |     5 ||    31
       Punch             |     3 |     3 |       ||     6
       Bite              |    18 |    23 |    14 ||    55
 Cast: Beastly Appendage |     5 |    16 |     9 ||    30
       Sticks to Snakes  |     1 |    14 |     4 ||    19
       Spider Form       |       |       |     2 ||     2
Evoke: Wand              |       |     3 |     8 ||    11
       Deck              |       |       |     5 ||     5
  Use: Potion            |     1 |     6 |     1 ||     8
       Scroll            |       |       |     8 ||     8
 Stab: Sleeping          |     8 |     7 |     7 ||    22
  Eat: Chunk             |     9 |    11 |    13 ||    33
Armor: Skin              |     8 |    13 |     6 ||    27
Dodge: Dodged            |    62 |   221 |   135 ||   418
